 Dungeon Crawl Stone Soup version 0.19-a0-979-g9f96267 (webtiles) character file.

749 Etesian the Ruffian (level 7, 61/61 HPs)
             Began as a Red Draconian Fighter on July 14, 2016.
             Quit the game on level 5 of the Dungeon.
             The game lasted 00:07:53 (4640 turns).

Etesian the Ruffian (Red Draconian Fighter)         Turns: 4640, Time: 00:07:54

Health: 61/61      AC:  9    Str: 18    XL:     7   Next: 48%
Magic:  7/7        EV:  9    Int:  9    God:
Gold:   313        SH: 14    Dex: 12    Spells: 0 memorised, 6 levels left

rFire  + . .     SeeInvis .       - Unarmed
rCold  . . .     Gourm    .     (armour unavailable)
rNeg   . . .     Faith    .     a - +1 shield
rPois  .         Spirit   .     (helmet restricted)
rElec  .         Dismiss  .     f - +0 cloak
rCorr  .         Reflect  +     o - +0 pair of gloves
SustAt .         Harm     .     l - +0 pair of boots
MR     .....                    j - +4 amulet of reflection
Stlth  +.........               (no ring)
                                s - -3 ring of evasion (curse)

@: not resistant to hostile enchantments, very unstealthy
A: breathe fire, unfitting armour, fire resistance 1, cold-blooded, AC +6
a: Breathe Fire


You were on level 5 of the Dungeon.
You were not hungry.

You visited 1 branch of the dungeon, and saw 5 of its levels.

You collected 313 gold pieces.

Inventory:

Armour
 a - a +1 shield (worn)
 f - a +0 cloak (worn)
 l - a +0 pair of boots (worn)
 o - a +0 pair of gloves (worn)
Jewellery
 j - a +4 amulet of reflection (around neck)
 s - a cursed -3 ring of evasion (left hand)
Scrolls
 e - 2 scrolls of identify
 h - 2 scrolls of remove curse
 p - a scroll of enchant armour
 t - a scroll of fog
Potions
 b - 2 potions of might
 d - a potion of haste
 g - a potion of lignification
 i - 3 potions of curing
 n - a potion of resistance
 q - a potion of cancellation
Comestibles
 c - 5 bread rations
 k - 3 slices of pizza
 m - a beef jerky
 r - 5 meat rations


   Skills:
 + Level 5.1 Fighting
 + Level 4.3 Dodging
 + Level 4.8 Shields
 * Level 5.4 Unarmed Combat


You had 6 spell levels left.
You didn't know any spells.

Dungeon Overview and Level Annotations

Branches:
Dungeon (5/15)
 Temple: D:4-7

Altars:


Innate Abilities, Weirdness & Mutations

You can breathe blasts of fire.
Your fiery red scales are hard. (AC +6)
Your body does not fit into most forms of armour.
Your flesh is heat resistant. (rF+)
You are cold-blooded and may be slowed by cold attacks.


Message History

You punch the adder!
Your tail-slap misses the adder.
The adder is severely wounded.
The adder misses you.
You punch the adder!
You kill the adder!
No target in view!
No target in view!
No target in view!
No target in view!
No target in view!
No target in view!
No target in view!
No target in view!
All of the chunks of flesh in your inventory have rotted away.
You see here 16 arrows.
s - an emerald ring Put on which piece of jewellery? (? for menu, Esc to quit)
Oops, that ring feels deathly cold.
s - a cursed -3 ring of evasion (left hand) Are you sure you want to abandon this character and quit the game? (Confirm with "yes".)

#........##.#.....###.#.
#.#####.###.###.......#.
#.#####.# #.# #########.
#....##.# #.# #....####.
####.##.###.# #......##.
######.##...#.# #.(#.#.##.
#......#..#,#.###..#.#.##.
#.######..#,#......#.#.##.
#........@#,######.#.#....
########..#,,,,,*#.#.#####
#.##****,*#(#...#
#..,,,,,,*#.###.#
####****,*#.# #.#
*,*#.###.# ***#.....#
#######


There were no monsters in sight!

Vanquished Creatures
  An ogre (D:4)
  A centaur (D:5)
  A giant frog (D:5)
  A scorpion (D:4)
  An orc priest (D:4)
  A hound (D:4)
  2 orc wizards (D:4)
  A giant frog skeleton (D:5)
  4 worker ants
  3 gnolls
  9 adders
  An ooze (D:3)
  An adder skeleton (D:5)
  2 worms
  3 dart slugs
  A giant gecko (D:1)
  13 orcs
  10 bats
  6 giant cockroaches
  5 goblins
  8 hobgoblins
  4 jackals
  9 kobolds
  4 quokkas
  A giant newt (D:2)
  8 rats
101 creatures vanquished.

Notes
Turn   | Place    | Note
-------+----------+-------------------------------------------
     0 | D:1      | Etesian the Draconian Fighter began the quest for the Orb.
     0 | D:1      | Reached XP level 1. HP: 19/19 MP: 1/1
   202 | D:1      | Reached XP level 2. HP: 22/26 MP: 2/2
   627 | D:2      | Reached XP level 3. HP: 31/31 MP: 3/3
  1232 | D:2      | Reached XP level 4. HP: 40/40 MP: 4/4
  2264 | D:3      | Reached XP level 5. HP: 42/46 MP: 5/5
  3226 | D:4      | Noticed an ogre
  3246 | D:4      | Killed an ogre
  3246 | D:4      | Reached XP level 6. HP: 53/53 MP: 6/6
  3901 | D:5      | Entered Level 5 of the Dungeon
  3940 | D:5      | Reached skill level 5 in Unarmed Combat
  3940 | D:5      | Your scales start taking on a fiery red colour.
  3940 | D:5      | Reached XP level 7. HP: 43/60 MP: 7/7
  3940 | D:5      | Gained mutation: Your flesh is heat resistant. (rF+) [Red Draconian growth]
  4135 | D:5      | Reached skill level 5 in Fighting
  4640 | D:5      | Quit the game

Vault maps used:
D:1:      lightli_arrival_statuegarden
D:5:      first_bread, grunt_decor_one_mirror

Skill      XL: |  1  2  3  4  5  6  7 |
---------------+----------------------+-----
Dodging        | 3 4 |  4.3
Unarmed Combat | 3 4 5 |  5.4
Fighting       | 4 5 |  5.1
Shields        | 4 |  4.8

Action                   |  1- 3 |  4- 6 |  7- 9 || total
-------------------------+-------+-------+-------++-------
Melee: Unarmed           |   177 |   247 |    81 ||   505
       Tailslap          |    21 |    18 |     9 ||    48
  Use: Scroll            |     4 |     9 |     2 ||    15
       Potion            |       |     1 |       ||     1
 Stab: Invisible         |       |     2 |       ||     2
       Sleeping          |       |     1 |       ||     1
  Eat: Chunk             |     1 |     9 |     3 ||    13
Armor: Skin              |    35 |    57 |    11 ||   103
Dodge: Dodged            |    50 |    80 |    22 ||   152
Block: Shield            |   122 |   168 |    53 ||   343
       Reflection        |     1 |     5 |     2 ||     8
